 Dungeon Crawl Stone Soup version 0.29.1-15-g9cfb28693d (webtiles) character file.

Game seed: 12465119132136761832

22 vishdafish the Conjurer (level 2, -6/19 HPs)
             Began as a Demonspawn Conjurer on Mar 29, 2023.
             Mangled by Sigmund
             ... wielding a +0 scythe
              (15 damage)
             ... on level 2 of the Dungeon.
             The game lasted 00:01:06 (1385 turns).

vishdafish the Conjurer (Demonspawn Conjurer)       Turns: 1385, Time: 00:01:06

Health: -6/19      AC:  2    Str:  7    XL:     2   Next: 68%
Magic:  4/5        EV: 12    Int: 19    God:
Gold:   32         SH:  0    Dex: 11    Spells: 5/6 levels left

rFire   . . .      SeeInvis .   e - +2 war axe (elec)
rCold   . . .      Faith    .   (no shield)
rNeg    . . .      Spirit   .   a - +0 robe
rPois   .          Reflect  .   (no helmet)
rElec   .          Harm     .   (no cloak)
rCorr   .          Rampage  .   (no gloves)
Will    .....                   (no boots)
Stlth   ++........              (no amulet)
HPRegen 0.06/turn               (no ring)
MPRegen 0.09/turn               (no ring)

@: mighty, attractive
A: powered by death 1
a: no special abilities


You were on level 2 of the Dungeon.
You visited 1 branch of the dungeon, and saw 2 of its levels.

You collected 32 gold pieces.

Inventory:

Hand Weapons
 d - a +0 spear
 e - a +2 war axe of electrocution (weapon)
Armour
 a - a +0 robe (worn)
Scrolls
 l - 3 scrolls of butterflies
Potions
 b - a potion of magic
 h - a potion of curing {unknown}
 i - a potion of lignification {unknown}
 j - a potion of ambrosia {unknown}
 m - 2 potions of mutation {unknown}


   Skills:
 - Level 1.7 Dodging
 - Level 1.7 Stealth
 + Level 2.6 Spellcasting
 + Level 4.4 Conjurations


You had 5 spell levels left.
You knew the following spells:

 Your Spells              Type           Power      Damage    Failure   Level
a - Magic Dart            Conj           76%        1d6       2%          1

Your spell library contained the following spells:

 Spells                   Type           Power      Damage    Failure   Level
 Searing Ray              Conj           38%        2d5       3%          2
 Apportation              Tloc           4%         N/A       16%         1
 Dazzling Flash           Conj/Hex       20%        N/A       19%         3
 Sublimation of Blood     Necr           2%         N/A       24%         2
 Fulminant Prism          Conj/Hex       5%         3d7       54%         4
 Iskenderun's Mystic Bla  Conj/Tloc      10%        2d4       54%         4
 Petrify                  Tmut/Erth      2%         N/A       85%         4
 Irradiate                Conj/Tmut      5%         3d13      87%         5
 Alistair's Intoxication  Tmut/Pois      1%         N/A       99%         5


Dungeon Overview and Level Annotations

Branches:
Dungeon (2/15)

Altars:

Annotations:
D:2 Sigmund


Innate Abilities, Weirdness & Mutations

You regenerate a little health from kills.


Message History

The bat is moderately wounded.
The magic dart hits the bat.
The bat is severely wounded.
The bat hits you but does no damage.
The magic dart hits the bat.
You kill the bat!
Things that are here:
a +0 short sword; 4 stones You see here a bat corpse.
Found a stone staircase leading up.
A kobold comes into view. It is wielding a +0 dagger.
A kobold is nearby!
The magic dart hits the kobold.
You kill the kobold!
You can't see any susceptible monsters within range! (Use Z to cast anyway.)
You can't see any susceptible monsters within range! (Use Z to cast anyway.)
Found a scale mail.
Found a stone staircase leading down.
There is a stone staircase leading up here.
Sigmund the Dreaded comes into view.
He is wielding a +0 scythe.
Found 10 gold pieces.
Sigmund is nearby!
The magic dart hits Sigmund but does no damage.
Sigmund shouts!
It was a potion of attraction.
You feel attractive to monsters. Sigmund is attracted toward you.
You closely miss Sigmund.
Sigmund gestures wildly while chanting.
Sigmund flickers and vanishes!
Deactivating autopickup; reactivate with Ctrl-A.
As you read the scroll labelled EHERCH HOLLOT, it crumbles to dust.
It is a scroll of identify.
l - 3 scrolls of butterflies It was a potion of heal wounds.
You feel much better. Something hits you!
Ouch! That really hurt!
It was a potion of might.
You feel very mighty all of a sudden. Something hits you!
Ouch! That really hurt!
You die...

## .. #. .. # #.
##.$##.
......{######
#@....# #.....#
#.....# ###.....#
#.......####
#.#........#
#.##...###.# # #.
#..#.#####.#.#
#.##....##......#


There were no monsters in sight!

Vanquished Creatures
  3 ball pythons (D:1)
  An endoplasm (D:1)
  A giant cockroach (D:2)
  2 goblins
  2 hobgoblins (D:1)
  3 bats
  2 frilled lizards (D:1)
  6 kobolds
20 creatures vanquished.

Notes
Turn   | Place    | Note
-------+----------+-------------------------------------------
     0 | D:1      | vishdafish the Demonspawn Conjurer began the quest for the
                  | Orb.
     0 | D:1      | Reached XP level 1. HP: 13/13 MP: 3/3
   595 | D:1      | Gained mutation: You regenerate a little health from kills.
                  | [demonic ancestry]
   595 | D:1      | Reached XP level 2. HP: 19/19 MP: 0/5
  1379 | D:2      | Noticed Sigmund
  1385 | D:2      | Mangled by Sigmund

Illustrated notes

Levels and vault maps discovered:
D:1:      amcnicky_arrival_blooded_trapdoor, layout_loops_corners
D:2:      layout_loops_cross, shapermc_ecumenical_altar_mp_vishouse,
          uniq_sigmund

Action                   || total
-------------------------++-------
Melee: Unarmed           ||     4
       War axe           ||     1
 Cast: Magic Dart        ||    35
  Use: Potion            ||     3
       Scroll            ||     1
Armor: Robe              ||     1
Dodge: Dodged            ||     5
